 Dungeon Crawl Stone Soup version 0.25.1-2-g60ff931df9 (webtiles) character file.

Game seed: 8171189241394781663

14 gbos the Skirmisher (level 2, 0/28 HPs)
             Began as a Naga Fighter on Nov 19, 2020.
             Slain by a hobgoblin
             ... wielding a +0 club
              (4 damage)
             ... on level 1 of the Dungeon.
             The game lasted 00:00:04 (269 turns).

gbos the Skirmisher (Naga Fighter)                   Turns: 269, Time: 00:00:05

Health: 0/28       AC:  4    Str: 18    XL:     2   Next: 45%
Magic:  2/2        EV:  5    Int:  8    God:
Gold:   26         SH:  8    Dex: 10    Spells: 1/1 levels left

rFire    . . .     SeeInvis +   a - +0 war axe
rCold    . . .     Gourm    .   c - +0 kite shield
rNeg     . . .     Faith    .   b - +0 scale mail
rPois    +         Spirit   .   (no helmet)
rElec    .         Reflect  .   (no cloak)
rCorr    .         Harm     .   (no gloves)
MR       .....                  (no barding)
Stlth    ..........             (no amulet)
HPRegen  0.09/turn              (no ring)
MPRegen  0.08/turn              (no ring)

@: very slow
A: large, see invisible, deformed body, poison resistance, slowness 2, slow
metabolism 1, spit poison 1, AC +0
a: Spit Poison


You were on level 1 of the Dungeon.
You were not hungry.

You visited 1 branch of the dungeon, and saw 1 of its levels.

You collected 26 gold pieces.


Innate Abilities, Weirdness & Mutations

You cannot wear boots.
Your serpentine skin is tough. (AC +0)
You have supernaturally acute eyesight. (SInv)
Armour fits poorly on your strangely shaped body.
Your system is resistant to poisons. (rPois)
You cover ground very slowly.
You have a slow metabolism.
You can spit poison.


   Skills:
 - Level 3.0 Fighting
 + Level 3.0 Axes
 - Level 2.4 Armour
 - Level 2.4 Shields


You had one spell level left.
You didn't know any spells.
Your spell library was empty.

Inventory:

Hand Weapons
 a - a +0 war axe (weapon)
 h - a +0 club
Missiles
 k - 8 javelins (quivered)
Armour
 b - a +0 scale mail (worn)
 c - a +0 kite shield (worn)
Scrolls
 e - a scroll of noise {unknown}
 g - a scroll of identify {unknown}
 j - a scroll of immolation {unknown}
Potions
 d - a potion of might
Comestibles
 f - a ration
 i - 4 chunks of flesh

Dungeon Overview and Level Annotations

Branches:
Dungeon (1/15)

Altars:


Message History

You block the bat's attack. You block the rat's attack.
You hit the bat but do no damage. You closely miss the rat.
The bat barely misses you.
The rat twitches its whiskers.
The rat bites you but does no damage. You block the rat's attack.
You hit the rat.
You kill the rat!
The bat hits you but does no damage.
The hobgoblin hits you but does no damage.
You closely miss the hobgoblin. You block the bat's attack.
You block the hobgoblin's attack.
You hit the hobgoblin.
The hobgoblin is heavily wounded.
You slash the bat!
You kill the bat!
The hobgoblin hits you with a +0 club.
You closely miss the hobgoblin.
The hobgoblin is heavily wounded.
The hobgoblin hits you with a +0 club. x2
You die...

...............#..##
...............##).# .#
...#.........#####.###.####
...##........# #.........#
...######....# #.........#
... #...## ##.........#
#...####..........#
#..##.............#
#)..^.##@)........#
......g%%........#
..............####
.#............#
#............#
>.............#
..............#
#.............#


You could see a hobgoblin.

Vanquished Creatures
  2 dart slugs (D:1)
  4 bats (D:1)
  3 hobgoblins (D:1)
  A rat (D:1)
10 creatures vanquished.

Notes
Turn   | Place    | Note
-------+----------+-------------------------------------------
     0 | D:1      | gbos the Naga Fighter began the quest for the Orb.
     0 | D:1      | Reached XP level 1. HP: 21/21 MP: 1/1
     0 | D:1      | 0 ||| counter = 255
    16 | D:1      | 16 ||| INVOKING Spit Poison.
    24 | D:1      | 24 ||| INVOKING Spit Poison.
    38 | D:1      | 38 ||| INVOKING Spit Poison.
    48 | D:1      | 48 ||| INVOKING Spit Poison.
    53 | D:1      | 53 ||| INVOKING Spit Poison.
   113 | D:1      | 113 ||| INVOKING Spit Poison.
   119 | D:1      | 119 ||| INVOKING Spit Poison.
   125 | D:1      | 125 ||| INVOKING Spit Poison.
   138 | D:1      | 138 ||| INVOKING Spit Poison.
   139 | D:1      | 139 ||| INVOKING Spit Poison.
   258 | D:1      | Reached XP level 2. HP: 19/28 MP: 2/2
   263 | D:1      | HP: 7/28 [dart slug (2)]
   264 | D:1      | Reached skill level 3 in Axes
   268 | D:1      | HP: 6/28 [hobgoblin/+0 club (2)]
   269 | D:1      | Slain by a hobgoblin

Levels and vault maps discovered:
D:1:      psy_arrival_terrarium, layout_rooms

Skill      XL: |  1  2 |
---------------+-------+-----
Axes           | 3 |  3.0
Fighting       | |  3.0
Armour         | |  2.4
Shields        | |  2.4

Action                   || total
-------------------------++-------
Melee: War axe           ||    40
 Abil: Spit Poison       ||     9
Armor: Scale mail        ||    23
Dodge: Dodged            ||    16
Block: Kite shield       ||    27

Table legend:
 A = Non-vault XP
 B = Vault XP
 C = Vault XP percentage of total XP
 D = Non-vault monster count
 E = Vault monster count
 F = Vault count percentage of total count
                 A         B        C        D         E       F
            +---------+---------+-------+---------+---------+-------
      Total |      21 |       0 |   0.0 |      10 |       0 |   0.0
            +---------+---------+-------+---------+---------+-------
        D:1 |      21 |       0 |   0.0 |      10 |       0 |   0.0
            +---------+---------+-------+---------+---------+-------
